 Dungeon Crawl Stone Soup version 0.25-a0-478-g33c61bdccf (webtiles) character file.

Game seed: 7145824125558168131, levelgen mode: deterministic

2136 Esekla the Thaumaturge (level 9, -4/45 HPs)
             Began as a Deep Elf Wizard on Feb 8, 2020.
             Was a Believer of Vehumet.
             Slain by a two-headed ogre
             ... wielding a +0 dire flail
              (28 damage)
             ... on level 8 of the Dungeon.
             The game lasted 00:58:54 (7630 turns).

Esekla the Thaumaturge (Deep Elf Wizard)            Turns: 7630, Time: 00:59:00

Health: -4/45      AC:  6    Str:  6    XL:     9   Next: 9%
Magic:  22/24      EV: 13    Int: 25    God:    Vehumet [**....]
Gold:   300        SH:  0    Dex: 13    Spells: 17/27 levels left

rFire    . . .     SeeInvis .   v - +3 dagger (venom)
rCold    . . .     Gourm    .   (no shield)
rNeg     . . .     Faith    .   A - +2 leather armour {rPois}
rPois    +         Spirit   .   z - +0 helmet
rElec    .         Reflect  .   (no cloak)
rCorr    .         Harm     .   (no gloves)
MR       +....                  (no boots)
Stlth    ++........             (no amulet)
HPRegen  0.15/turn              j - ring of protection from magic
MPRegen  0.19/turn              (no ring)

@: no status effects
A: no striking features
a: Renounce Religion


You were on level 8 of the Dungeon.
You worshipped Vehumet.
Vehumet was pleased with you.
You were not hungry.

You visited 1 branch of the dungeon, and saw 8 of its levels.

You collected 300 gold pieces.

Inventory:

Hand Weapons
 s - a +1 vorpal spear
 v - a +3 dagger of venom (weapon)
 B - a +2 war axe of electrocution
Missiles
 c - 4 curare-tipped darts
 x - 37 poisoned darts (quivered)
 D - 20 boomerangs
Armour
 a - a +0 robe
 z - a +0 helmet (worn)
 A - a +2 leather armour of poison resistance (worn)
Magical Staves
 G - an uncursed staff of cold
Jewellery
 j - a ring of protection from magic (left hand)
 n - an uncursed ring of ice
 q - an uncursed ring of teleportation
Wands
 y - a wand of random effects (9)
 H - a wand of disintegration (11)
Scrolls
 e - a scroll of noise {unknown}
 i - 3 scrolls of teleportation
 m - 2 scrolls of amnesia
 t - a scroll of enchant weapon
 u - 2 scrolls of fog
 C - a scroll of fear {unknown}
 E - a scroll of magic mapping {unknown}
Potions
 b - 2 potions of cancellation {unknown}
 f - a potion of ambrosia
 g - 2 potions of agility
 h - 2 potions of haste
 k - a potion of resistance
 o - a potion of curing
 p - a potion of heal wounds
 r - a potion of experience
 F - a potion of lignification
 I - a potion of flight
Comestibles
 d - 18 rations


   Skills:
 + Level 1.9 Short Blades
 * Level 2.8 Armour
 * Level 5.1 Dodging
 - Level 2.4 Stealth
 * Level 9.9 Spellcasting
 + Level 4.2 Conjurations
   Level 1.1 Summonings
 + Level 2.1 Translocations
 * Level 3.3 Fire Magic
 * Level 3.6 Air Magic
 * Level 4.5 Poison Magic


You had 17 spell levels left.
You knew the following spells:

 Your Spells              Type           Power        Failure   Level  Hunger
a - Magic Dart            Conj           ####         1%          1    None
b - Blink                 Tloc           N/A          4%          2    None
c - Mephitic Cloud        Conj/Pois/Air  ####....     4%          3    None
d - Foxfire               Conj/Fire      ####         1%          1    None
f - Conjure Flame         Conj/Fire      ####....     4%          3    None

Your spell library contained the following spells:

 Spells                   Type           Power        Failure   Level  Hunger
 Freeze                   Ice            ##..         8%          1    None
 Call Imp                 Summ           ###.....     7%          2    None
 Beastly Appendage        Tmut           ##....       8%          1    None
 Spider Form              Tmut/Pois      ###.......   9%          3    None
 Slow                     Hex            ##......     12%         2    None
 Sticks to Snakes         Tmut           ##......     12%         2    None
 Ice Form                 Ice/Tmut       ##......     58%         4    #......
 Blade Hands              Tmut           ##........   91%         5    ####...


Dungeon Overview and Level Annotations

Branches:
Dungeon (8/15)             Temple (0/1) D:6
   Lair: D:8-11

Altars:
Ashenzari
Elyvilon
Fedhas
Makhleb
Qazlal
Uskayaw
Vehumet
Wu Jian
Yredelemnul
Zin

Shops:
D:7 [

Annotations:
D:7 2 transporters


Message History

You hit the two-headed ogre but do no damage.
The two-headed ogre is lightly wounded.
The two-headed ogre is engulfed in blazing flames.
The two-headed ogre hits you with a +0 dire flail!
The two-headed ogre hits you with a cursed +0 giant spiked club!
You barely miss the two-headed ogre.
The two-headed ogre is moderately wounded.
Casting: Conjure Flame (safe; 4% risk of failure)
Confirm with . or Enter, or press ? or * to list all spells.
Aiming: Mephitic Cloud (safe; 4% risk of failure)
Press: ? - help, Shift-Dir - straight line, f/p - two-headed ogre
Aim: a two-headed ogre, wielding a +0 dire flail and a +0 giant spiked club (flame, moderately wounded, poisoned)
Okay, then.
You hit the two-headed ogre.
The two-headed ogre looks even sicker.
The two-headed ogre is heavily wounded.
The two-headed ogre is engulfed in blazing flames.
The two-headed ogre closely misses you.
The two-headed ogre hits you with a cursed +0 giant spiked club!!
Ouch! That really hurt!
You die...

...##...##...##
#..
..............#
#..
.............#
#.. #.........#
#.. #...##...##
#..
...##...##...##
#..
.........#....#
#..
.........#....#
#..
.......(.O@..##
#..
...##...######
#.. .J. #...#
#.. ## #...#
#.. #...# #..
+...+ #.. ####
#.. #.. #..


You could see a two-headed ogre.

Vanquished Creatures
  A spriggan (D:7)
  A hungry ghost (D:6)
  A water moccasin (D:7)
  An orc warrior (D:6)
  A sky beast (D:5)
  3 black bears
  An ogre (D:8)
  3 phantoms
  2 centaurs
  2 scorpions
  A howler monkey (D:7)
  2 hounds
  5 orc wizards
  2 bullfrog skeletons (D:5)
  Jessica (D:1)
  An iguana (D:7)
  A worker ant (D:5)
  Ijyb (D:5)
  Natasha (thrice) (D:3)
  A killer bee zombie (D:5)
  A hound zombie (D:6)
  A hound skeleton (D:4)
  Robin (D:3)
  10 adders
  A gnoll (D:1)
  A shadow imp (D:7)
  A worm (D:3)
  A dart slug (D:2)
  4 leopard geckos
  18 orcs
  6 bats
  4 giant cockroaches
  11 goblins
  8 hobgoblins
  8 jackals
  5 kobolds
  5 quokkas
  A ball python (D:1)
  3 frilled lizards
  2 quokka skeletons
  A quokka zombie (D:7)
  10 rats
137 creatures vanquished.

Vanquished Creatures (others)
  4 foxfires (D:7)
4 creatures vanquished.

Grand Total: 141 creatures vanquished

Notes
Turn   | Place    | Note
-------+----------+-------------------------------------------
     0 | D:1      | Esekla the Deep Elf Wizard began the quest for the Orb.
     0 | D:1      | Reached XP level 1. HP: 10/10 MP: 7/7
   169 | D:2      | Found a hide-covered altar of Uskayaw.
   202 | D:2      | Reached skill level 5 in Spellcasting
   262 | D:2      | Reached XP level 2. HP: 2/15 MP: 0/10
   529 | D:1      | Learned a level 2 spell: Blink
   911 | D:1      | Reached XP level 3. HP: 9/19 MP: 4/12
  1221 | D:2      | Found a glowing silver altar of Zin.
  1221 | D:2      | Noticed Jessica
  1231 | D:1      | Killed Jessica
  1231 | D:1      | Reached skill level 6 in Spellcasting
  1238 | D:1      | Learned a level 3 spell: Mephitic Cloud
  1242 | D:1      | Learned a level 3 spell: Conjure Flame
  1396 | D:2      | Reached XP level 4. HP: 24/24 MP: 10/14
  2024 | D:2      | Found a radiant altar of Vehumet.
  2031 | D:2      | Became a worshipper of Vehumet
  2180 | D:3      | Found a stormy altar of Qazlal.
  2347 | D:3      | Noticed Robin
  2360 | D:3      | Killed Robin
  2360 | D:3      | Reached XP level 5. HP: 26/28 MP: 10/16
  2472 | D:3      | Noticed Natasha
  2482 | D:3      | Killed Natasha
  2654 | D:3      | Reached skill level 1 in Fire Magic
  2800 | D:3      | Noticed Natasha
  2808 | D:3      | Killed Natasha
  2808 | D:3      | Reached skill level 7 in Spellcasting
  2814 | D:3      | Noticed Natasha
  2824 | D:3      | Killed Natasha
  3219 | D:4      | Reached skill level 1 in Air Magic
  3219 | D:4      | Reached skill level 1 in Poison Magic
  3276 | D:4      | Reached XP level 6. HP: 30/32 MP: 11/18
  3512 | D:4      | Found a burning altar of Makhleb.
  3795 | D:4      | Reached * piety under Vehumet
  3795 | D:4      | Offered knowledge of Foxfire by Vehumet.
  3869 | D:4      | Learned a level 1 spell: Foxfire
  4230 | D:5      | Entered Level 5 of the Dungeon
  4259 | D:5      | Found a basalt altar of Yredelemnul.
  4335 | D:6      | Noticed an orc warrior
  4350 | D:6      | Killed an orc warrior
  4366 | D:6      | Reached XP level 7. HP: 12/36 MP: 13/20
  4668 | D:5      | Reached skill level 1 in Short Blades
  4691 | D:5      | Reached skill level 8 in Spellcasting
  5003 | D:5      | Found a white marble altar of Elyvilon.
  5121 | D:5      | Found a blossoming altar of Fedhas.
  5202 | D:5      | Noticed Ijyb
  5211 | D:5      | Killed Ijyb
  5211 | D:5      | Reached skill level 1 in Armour
  5520 | D:7      | Noticed a spriggan baker
  5528 | D:7      | Killed a spriggan baker
  5528 | D:7      | Reached XP level 8. HP: 13/41 MP: 16/22
  5686 | D:6      | Found a staircase to the Ecumenical Temple.
  6072 | D:6      | Reached skill level 9 in Spellcasting
  6216 | D:7      | Found a shattered altar of Ashenzari.
  6334 | D:7      | Found a transporter.
  6335 | D:7      | Noticed a cyclops
  6336 | D:7      | Found a transporter.
  6336 | D:7      | Found an ornate altar of the Wu Jian Council.
  6626 | D:7      | Found Tuwiracre's Armour Shoppe.
  7032 | D:7      | Offered knowledge of Freeze by Vehumet.
  7032 | D:7      | Reached skill level 5 in Dodging
  7342 | D:8      | Reached ** piety under Vehumet
  7342 | D:8      | Reached XP level 9. HP: 45/45 MP: 20/24
  7621 | D:8      | Noticed a two-headed ogre
  7630 | D:8      | Slain by a two-headed ogre

Levels and vault maps discovered:
D:1:      minmay_arrival_glassed_features, layout_basic
D:2:      lemuel_upstairs_altar, layout_loops_cross,
          eat_drink_and_be_merry_uskayaw, overflow_temple_1_default,
          uniq_jessica
D:3:      layout_basic, overflow_temple_1_default, first_ration, st_stairs_14,
          roderic_serpentine_path, uniq_robin, uniq_natasha
D:4:      layout_basic, lemuel_crystal_altar
D:5:      layout_loops_ring, elyvilon_altar_1, old_standard_altar,
          overflow_temple_1_default, hangedman_abyss_or_decor_passed, uniq_ijyb
D:6:      layout_loops_ring, temple_green, dk_vineyard_2
D:7:      layout_basic, nicolae_ashenzari_panopticon,
          gammafunk_temple_overflow_arena, serial_shops,
          nicolae_shop_waterfront, the_bakery
D:8:      layout_gridville, tso_oasis_becter

Skill      XL: |  1  2  3  4  5  6  7  8 |
---------------+-------------------------+-----
Spellcasting   | 5 6 7 8 9 |  9.9
Dodging        | 3 4 5 |  5.1
Fire Magic     | 1 2 3 |  3.3
Translocations | 2 |  2.1
Air Magic      | 1 2 3 |  3.6
Poison Magic   | 1 3 4 |  4.5
Conjurations   | 2 3 4 |  4.2
Short Blades   | 1 |  1.9
Armour         | 1 2 |  2.8
Stealth        | |  2.4
Summonings     | |  1.1

Action                   |  1- 3 |  4- 6 |  7- 9 || total
-------------------------+-------+-------+-------++-------
Melee: Dagger            |     4 |   104 |    92 ||   200
       Spear             |       |       |    16 ||    16
Throw: Dart              |       |    13 |    30 ||    43
 Cast: Magic Dart        |    66 |   109 |    91 ||   266
       Mephitic Cloud    |       |     9 |    10 ||    19
       Blink             |       |     1 |     5 ||     6
       Conjure Flame     |       |       |     8 ||     8
       Foxfire           |       |       |     2 ||     2
  Use: Scroll            |     1 |       |    13 ||    14
       Potion            |       |       |     1 ||     1
 Stab: Sleeping          |     1 |     4 |     6 ||    11
       Confused          |       |     3 |     6 ||     9
  Eat: Chunk             |       |     9 |     9 ||    18
       Ration            |       |       |     1 ||     1
Armor: Robe              |     9 |     6 |       ||    15
       Leather armour    |       |     7 |    22 ||    29
Dodge: Dodged            |    20 |    77 |    71 ||   168

Table legend:
 A = Non-vault XP
 B = Vault XP
 C = Vault XP percentage of total XP
 D = Non-vault monster count
 E = Vault monster count
 F = Vault count percentage of total count
                 A         B        C        D         E       F
            +---------+---------+-------+---------+---------+-------
      Total |    2704 |     348 |  11.4 |     127 |      10 |   7.3
            +---------+---------+-------+---------+---------+-------
        D:1 |      45 |      37 |  45.1 |      20 |       1 |   4.8
        D:2 |      31 |       0 |   0.0 |      18 |       0 |   0.0
        D:3 |     158 |      58 |  26.9 |      23 |       7 |  23.3
        D:4 |     188 |       0 |   0.0 |      18 |       0 |   0.0
        D:5 |     479 |      33 |   6.4 |       9 |       1 |  10.0
        D:6 |     596 |       0 |   0.0 |      18 |       0 |   0.0
        D:7 |     776 |     220 |  22.1 |      13 |       1 |   7.1
        D:8 |     431 |       0 |   0.0 |       8 |       0 |   0.0
            +---------+---------+-------+---------+---------+-------
